 Dungeon Crawl Stone Soup version 0.25-a0-265-g7af84ae0ac (webtiles) character file.

Game seed: 18274256249194733991, levelgen mode: deterministic

102 Lanoc the Sneak (level 4, -1/28 HPs)
             Began as a Vampire Monk on Dec 8, 2019.
             Was a Believer of Ashenzari.
             Slain by an adder (5 damage)
             ... on level 3 of the Dungeon.
             The game lasted 00:04:36 (2794 turns).

Lanoc the Sneak (Vampire Monk)                      Turns: 2794, Time: 00:04:36

Health: -1/28      AC: -1    Str: 10    XL:     4   Next: 50%
Magic:  4/4        EV: 14    Int: 12    God:    Ashenzari [**....]
Gold:   75         SH:  0    Dex: 17    Spells: 3/3 levels left

rFire    . . .     SeeInvis +   a - +0 falchion
rCold    + + .     Gourm    .   (no shield)
rNeg     + + +     Faith    .   k - +0 robe
rPois    ∞         Spirit   .   (no helmet)
rElec    .         Reflect  .   (no cloak)
rCorr    .         Harm     .   (no gloves)
MR       .....                  (no boots)
Stlth    ++++......             (no amulet)
HPRegen  0.00/turn              j - -3 ring of protection (curse)
MPRegen  0.09/turn              f - ring of attention (curse)

@: bloodless
A: no food, fangs 3, see invisible, unbreathing
a: Bat Form, Revivify, Curse Item, Scrying, Renounce Religion


You were on level 3 of the Dungeon.
You worshipped Ashenzari.
Ashenzari was pleased with you.
You were bloodless.

You visited 1 branch of the dungeon, and saw 3 of its levels.

You collected 75 gold pieces.

Inventory:

Hand Weapons
 a - a +0 falchion (weapon)
 b - a +0 hunting sling
Missiles
 e - 78 stones (quivered)
Armour
 k - a +0 robe (worn)
Jewellery
 f - a cursed ring of attention (right hand)
 j - a cursed -3 ring of protection (left hand)
 m - an uncursed ring of protection from fire
Wands
 n - a wand of disintegration (8)
Scrolls
 c - 4 scrolls of identify {unknown}
 g - a scroll of remove curse
 h - 3 scrolls of teleportation {unknown}
 i - 4 scrolls of enchant armour {unknown}
Potions
 d - a potion of brilliance


   Skills:
 + Level 3.2 Fighting
 * Level 4.1 Long Blades
 + Level 3.9 Dodging
 + Level 4.2 Stealth


You had 3 spell levels left.
You didn't know any spells.
Your spell library was empty.

Dungeon Overview and Level Annotations

Branches:
Dungeon (3/15)

Altars:
Ashenzari
Vehumet


Innate Abilities, Weirdness & Mutations

You do not eat.
You do not regenerate when monsters are visible.
You are frail without blood (-20% HP).
You can heal yourself when you bite living creatures.
You are immune to poison.
You have razor-sharp teeth.
You have supernaturally acute eyesight. (SInv)
You can survive without breathing.


Message History

* * * LOW HITPOINT WARNING * * *
You barely miss the adder.
The adder is severely wounded.
The adder bites you.
* * * LOW HITPOINT WARNING * * *
You closely miss the adder. You bite the adder.
You draw the adder's blood!
You feel better.
The adder is almost dead.
The adder closely misses you. x2
You barely miss the adder.
The adder is almost dead.
The adder misses you.
You hit the adder but do no damage.
The adder is almost dead.
The adder barely misses you. The adder bites you.
* * * LOW HITPOINT WARNING * * *
You hit the adder but do no damage.
The adder is almost dead.
The adder bites you.
You die...

#####.#........%...)......#
...#.#.######....#######.#
#####.#.#.#.........#..# *
........#.#.###.....#..# *
........#.#. #.....#..# * #
........#.#. #.....#.. {#
......#.#.#.###.....#.#######
#####.#>#.#S)........<......#
#.#...#.@......########.# * *
#.#...##.....#.. #.# ,*
#...##........ ,* #.#
*##.#.#.##.....(#. * #.#
.................>* * ,#.# *
###.#.#........... #.# *
#.#.#..######..$ , #.# *
#,#..... .## * ,#.# , , ,
,####..# # #.#


You could see an adder.

Vanquished Creatures
  Terence (D:3)
  2 adders
  2 worms (D:2)
  3 leopard geckos
  A giant cockroach (D:1)
  5 hobgoblins
  3 jackals (D:1)
  9 kobolds
  4 bats
  3 frilled lizards
  13 goblins
  3 rats (D:1)
49 creatures vanquished.

Notes
Turn   | Place    | Note
-------+----------+-------------------------------------------
     0 | D:1      | Lanoc the Vampire Monk began the quest for the Orb.
     0 | D:1      | Reached XP level 1. HP: 17/17 MP: 1/1
   154 | D:1      | Reached XP level 2. HP: 14/18 MP: 2/2
   940 | D:1      | Reached XP level 3. HP: 19/22 MP: 3/3
  1362 | D:2      | Found a radiant altar of Vehumet.
  1705 | D:2      | Found a shattered altar of Ashenzari.
  1890 | D:2      | Became a worshipper of Ashenzari the Shackled
  1890 | D:2      | Reached * piety under Ashenzari
  1890 | D:2      | Reached ** piety under Ashenzari
  2488 | D:3      | Noticed Terence
  2513 | D:3      | Killed Terence
  2513 | D:3      | Reached XP level 4. HP: 14/28 MP: 4/4
  2794 | D:3      | Slain by an adder

Levels and vault maps discovered:
D:1:      dpeg_arrival_chase, layout_basic
D:2:      layout_loops_ring, fiery_altar_vehumet, chequers_jeans,
          evilmike_ruin_ashenzari
D:3:      layout_basic, nicolae_overflow_hidden_temple,
          chequers_ecumenical_altar_island, uniq_terence

Skill      XL: |  1  2  3 |
---------------+----------+-----
Fighting       | 3 |  3.2
Stealth        | 4 |  4.2
Long Blades    | 4 |  4.1
Dodging        | |  3.9

Action                   |  1- 3 |  4- 6 || total
-------------------------+-------+-------++-------
Melee: Falchion          |   128 |    20 ||   148
       Bite              |    11 |     2 ||    13
 Abil: Exsanguinate      |     1 |       ||     1
  Use: Potion            |     2 |       ||     2
 Stab: Sleeping          |    19 |     2 ||    21
       Invisible         |     3 |       ||     3
Armor: Robe              |    13 |       ||    13
Dodge: Dodged            |    86 |    11 ||    97
       Rpst.: Falchion   |    34 |     3 ||    37

Table legend:
 A = Non-vault XP
 B = Vault XP
 C = Vault XP percentage of total XP
 D = Non-vault monster count
 E = Vault monster count
 F = Vault count percentage of total count
                 A         B        C        D         E       F
            +---------+---------+-------+---------+---------+-------
      Total |     111 |      36 |  24.5 |      48 |       1 |   2.0
            +---------+---------+-------+---------+---------+-------
        D:1 |      50 |       0 |   0.0 |      30 |       0 |   0.0
        D:2 |      44 |       0 |   0.0 |      15 |       0 |   0.0
        D:3 |      17 |      36 |  67.9 |       3 |       1 |  25.0
            +---------+---------+-------+---------+---------+-------
